Map: [ESL] Moondance

Players

HeroMarine

  • Race: Terran Terran
  • Spawn Location: 12:00

Clem - Winner!

  • Race: Terran Terran
  • Spawn Location: 6:00

Event: DreamHack SC2 Masters 2022 Atlanta (Online)

VOD

Have the link to the VOD?

Description

Time

  • Played on: Oct. 15, 2022, 11:21 a.m.
  • Length: 18:02

All games in this series

Show
View Real Time Build Order
Export as new Build Order

HeroMarine Terran 

Build Orders:  

Get SALT Encoding   

  12  0:00  SCV  
  13  0:12  SCV  
  14  0:18  Supply Depot  
  14  0:24  SCV  
  15  0:39  SCV  
  15  0:40  Barracks  
  16  0:43  Refinery  
  16  0:51  SCV  
  16  0:53  Refinery  
  17  1:03  SCV  
  18  1:16  SCV  
  19  1:27  Reaper  
  19  1:28  Orbital Command  
  19  1:32  Supply Depot  
  20  1:40  Factory  
  20  1:53  SCV  
  21  1:59  Reaper  
  22  2:05  SCV  
  23  2:15  Command Center  
  23  2:17  SCV  
  24  2:24  Hellion  
  24  2:29  SCV  
  27  2:31  Reaper  
  27  2:34  Supply Depot  
  28  2:42  SCV  
  29  2:45  Widow Mine  
  29  2:48  Starport  
  31  2:56  SCV  
  32  3:03  Barracks Reactor  
  32  3:06  Factory Tech Lab  
  32  3:08  SCV  
  33  3:15  Refinery  
  33  3:20  SCV  
  34  3:27  Orbital Command  
  34  3:32  SCV  
  34  3:33  Factory Tech Lab  
  35  3:36  Raven  
  35  3:40  Marine x2  
  39  3:44  SCV  
  40  3:51  Cyclone  
  40  3:53  SCV  
  44  3:56  SCV  
  44  3:57  Marine x2  
  44  4:01  Supply Depot  
  47  4:05  SCV  
  47  4:08  SCV  
  49  4:13  Supply Depot  
  49  4:15  Marine x2  
  51  4:17  SCV  
  51  4:19  Raven  
  51  4:23  SCV  
  55  4:29  SCV  
  55  4:31  Siege Tank  
  57  4:33  Marine x2  
  57  4:35  SCV  
  59  4:41  SCV  
  59  4:47  SCV  
  59  4:51  Marine x2  
  55  4:53  SCV  
  55  4:59  SCV  
  57  5:02  Supply Depot  
  57  5:03  Siege Tank  
  57  5:06  SCV  
  60  5:11  SCV  
  59  5:15  Viking x2  
  59  5:18  SCV  
  59  5:20  Marine  
  65  5:23  SCV  
  65  5:25  Supply Depot  
  66  5:30  SCV  
  66  5:35  SCV, Siege Tank  
  71  5:38  Marine  
  71  5:42  SCV  
  72  5:47  SCV  
  72  5:48  Viking x2  
  73  5:54  SCV  
  73  5:56  Marine  
  75  5:59  SCV  
  76  6:06  SCV  
  76  6:07  Siege Tank  
  79  6:12  SCV  
  79  6:13  Marine  
  79  6:18  Viking x2  
  83  6:20  Command Center  
  83  6:23  Supply Depot  
  83  6:32  SCV x2  
  82  6:44  SCV x2  
  82  6:46  Siege Tank  
  81  6:56  SCV x2  
  81  6:57  Refinery, Stimpack  
  81  6:58  Viking  
  81  6:59  Barracks x2  
  81  7:00  Viking  
  86  7:05  Marine  
  86  7:10  SCV  
  86  7:11  SCV  
  82  7:23  SCV x2  
  82  7:24  Engineering Bay, Marine  
  82  7:26  Engineering Bay  
  85  7:31  Viking x2  
  85  7:32  Siege Tank  
  92  7:38  Orbital Command  
  92  7:39  SCV  
  92  7:40  SCV  
  94  7:46  Marine  
  95  7:51  SCV  
  95  7:52  SCV  
  97  8:01  Viking  
  97  8:03  SCV, Marine  
  97  8:04  SCV  
  102  8:07  Barracks Reactor x2  
  102  8:09  Barracks  
  102  8:10  Barracks, Terran Infantry Armor Level 1, Terran Infantry Weapons Level 1  
  102  8:13  SCV  
  102  8:15  SCV  
  102  8:17  SCV  
  85  8:22  Marine  
  85  8:25  Siege Tank  
  78  8:33  Refinery  
  77  8:42  Command Center, Combat Shield, Marine  
  77  8:43  Marine x2  
  77  8:44  SCV, Marine x2  
  77  8:46  SCV  
  84  8:56  SCV  
  84  8:57  SCV, Missile Turret  
  84  8:58  Barracks Reactor x2, SCV, Missile Turret  
  84  9:00  Marine  
  84  9:01  Marine x3  
  94  9:07  Siege Tank  
  94  9:08  Medivac, Marine  
  97  9:11  SCV x3  
  97  9:13  Medivac  
  102  9:17  Marine  
  102  9:19  Marine x3  
  102  9:20  Armory  
  106  9:26  Marine  
  106  9:28  Command Center  
  106  9:30  Supply Depot  
  106  9:31  Supply Depot  
  107  9:35  Marine  
  107  9:37  Marine x3  
  111  9:41  Siege Tank  
  111  9:44  Viking  
  116  9:47  Supply Depot, Viking  
  116  9:48  Marine  
  116  9:52  Marine x4  
  121  9:53  Marine  
  121  9:55  Marine x3  
  121  9:57  Supply Depot  
  125  10:06  Marine  
  126  10:07  SCV x3  
  126  10:09  Marine x4  
  126  10:12  Terran Infantry Armor Level 2  
  133  10:15  Marine x2  
  133  10:17  Siege Tank, Marine x2  
  133  10:19  SCV  
  141  10:24  Marine  
  141  10:27  Marine x4  
  145  10:28  Viking x2  
  145  10:29  Refinery  
  145  10:32  Marine  
  145  10:33  Refinery, Marine  
  151  10:36  Marine x2  
  151  10:39  Terran Vehicle Weapons Level 1  
  152  10:47  Factory  
  152  10:55  Marine x2  
  149  10:58  Viking, SCV  
  149  10:59  SCV  
  143  11:07  Planetary Fortress  
  143  11:09  Planetary Fortress  
  143  11:10  SCV  
  143  11:11  SCV x2  
  145  11:13  Engineering Bay  
  145  11:15  Starport  
  142  11:20  Command Center, Starport  
  142  11:22  SCV  
  142  11:23  SCV x2  
  142  11:24  Barracks Reactor  
  145  11:26  Sensor Tower  
  145  11:29  Medivac  
  147  11:32  Medivac  
  147  11:34  SCV, Sensor Tower, Marine  
  147  11:37  Missile Turret  
  149  11:52  Command Center  
  149  11:53  Starport Tech Lab  
  146  11:54  Terran Infantry Weapons Level 2  
  146  11:59  Starport Tech Lab  
  146  12:01  Refinery  
  146  12:02  Refinery  
  146  12:07  Viking x2  
  150  12:13  Command Center  
  147  12:16  Corvid Reactor  
  147  12:21  Command Center, Raven x2  
  149  12:36  Marine x2  
  151  12:37  Viking x2  
  151  12:40  Marine  
  151  12:41  Marine  
  151  12:43  SCV x2  
  145  12:45  SCV  
  145  12:46  SCV  
  145  12:51  Marine x2  
  143  12:53  Marine x3, Orbital Command  
  143  12:55  Marine x2  
  134  13:02  SCV x2  
  134  13:03  SCV  
  134  13:04  Viking x2  
  134  13:05  SCV  
  131  13:07  Siege Tank x2  
  131  13:09  Terran Infantry Armor Level 3  
  122  13:23  Marine x4  
  122  13:24  Marine x4  
  122  13:25  Viking x2  
  130  13:32  Orbital Command  
  130  13:37  Marine x2  
  130  13:39  Terran Vehicle Weapons Level 2, Siege Tank x2  
  130  13:40  Marine  
  130  13:41  Marine x2  
  141  13:44  Marine x2  
  141  13:47  Viking  
  145  13:48  Viking  
  147  14:02  Orbital Command  
  147  14:12  Marine x2  
  147  14:13  Viking x2  
  153  14:17  Viking  
  153  14:18  Viking  
  157  14:26  Refinery  
  157  14:28  Refinery  
  157  14:31  Planetary Fortress  
  157  14:41  Marine x2  
  157  14:42  Siege Tank  
  157  14:43  Viking x2  
  166  14:48  Siege Tank  
  169  14:57  Command Center, Viking  
  169  14:58  Viking  
  165  15:15  Siege Tank  
  165  15:20  Siege Tank  
  166  15:22  Liberator x2  
  166  15:25  Marine x3  
  170  15:35  Raven x2  
  174  15:36  Marine  
  174  15:39  Command Center  
  178  16:04  Siege Tank x2  
  178  16:09  Armory  
  149  16:27  Viking x2, Raven  
  146  16:34  Viking  
  146  16:35  Marine x3  
  146  16:36  Siege Tank x2  
  146  16:38  Marine x6  
  163  16:40  Marine  
  164  16:53  Marine x3  
  167  16:55  Marine  
  167  16:56  Marine x5  
  167  16:57  Viking x2, Marine, Refinery x2  
  177  17:04  Viking, Orbital Command  
  179  17:10  Viking  
  181  17:27  Viking  
  183  17:30  Refinery, Viking  
  189  17:44  Sensor Tower  
Show
View Real Time Build Order
Export as new Build Order

Clem Terran - Winner!

Build Orders:  

Get SALT Encoding   

  12  0:00  SCV  
  13  0:12  SCV  
  14  0:16  Supply Depot  
  14  0:24  SCV  
  15  0:38  SCV  
  15  0:39  Barracks  
  16  0:43  Refinery  
  16  0:50  SCV  
  16  0:53  Refinery  
  17  1:02  SCV  
  18  1:14  SCV  
  19  1:26  Reaper, Orbital Command  
  19  1:31  Supply Depot  
  20  1:40  Factory  
  20  1:52  SCV  
  21  1:58  Barracks Reactor  
  21  2:04  SCV  
  22  2:15  Command Center  
  22  2:18  SCV  
  23  2:25  Hellion  
  25  2:32  Starport  
  25  2:35  SCV  
  26  2:37  Reaper  
  26  2:40  Reaper  
  28  2:47  SCV, Factory Tech Lab  
  29  2:52  Supply Depot  
  29  2:59  SCV  
  30  3:11  Marine  
  31  3:14  SCV, Siege Tank, Marine  
  31  3:18  Refinery  
  36  3:27  Medivac  
  36  3:29  SCV  
  36  3:32  Orbital Command  
  36  3:34  Marine  
  40  3:36  Marine  
  41  3:42  SCV  
  41  3:48  Cyclone  
  45  3:54  Supply Depot, SCV  
  46  3:57  SCV  
  46  4:00  Starport Tech Lab  
  47  4:03  Marine x2  
  47  4:06  SCV  
  50  4:10  SCV  
  51  4:18  SCV  
  51  4:22  SCV  
  53  4:24  Raven  
  53  4:30  SCV, Siege Tank  
  59  4:31  Supply Depot  
  59  4:33  Marine x2  
  59  4:34  SCV  
  62  4:46  SCV x2  
  62  4:51  Marine x2  
  58  4:58  SCV x2  
  60  5:01  Command Center  
  60  5:02  Supply Depot  
  60  5:07  Raven  
  60  5:09  Marine x2  
  60  5:10  SCV x2  
  64  5:15  Siege Tank  
  67  5:22  SCV  
  67  5:23  SCV  
  67  5:24  Barracks  
  69  5:28  Barracks  
  69  5:33  Supply Depot  
  69  5:34  SCV  
  69  5:35  SCV  
  71  5:40  Marine x2  
  71  5:46  SCV  
  71  5:48  SCV, Siege Tank  
  76  5:52  Refinery  
  76  5:53  Supply Depot  
  76  5:58  SCV  
  76  6:00  SCV  
  78  6:06  Viking  
  78  6:07  Viking  
  78  6:08  Stimpack  
  78  6:10  SCV  
  83  6:12  SCV  
  83  6:15  Orbital Command  
  83  6:16  Barracks Reactor x2  
  83  6:21  Marine  
  83  6:23  SCV  
  83  6:24  SCV  
  83  6:25  Siege Tank  
  89  6:30  Supply Depot  
  89  6:35  SCV  
  89  6:36  SCV  
  89  6:38  Viking  
  89  6:39  Marine  
  89  6:40  Viking, SCV  
  86  6:47  SCV  
  86  6:48  SCV  
  86  6:53  SCV, Marine x3  
  86  6:54  Marine  
  90  6:57  Supply Depot, Marine  
  90  6:58  Siege Tank  
  94  7:02  SCV  
  94  7:08  Viking  
  97  7:10  Viking  
  97  7:11  Marine x2  
  97  7:15  Marine  
  98  7:18  SCV x3  
  98  7:22  Barracks  
  97  7:23  Barracks  
  97  7:24  Barracks  
  97  7:25  Refinery  
  97  7:29  Marine x2  
  99  7:31  Engineering Bay x2  
  99  7:35  Siege Tank  
  103  7:41  Medivac x2  
  107  7:44  Supply Depot  
  107  7:45  Marine  
  107  7:47  Marine x2  
  107  7:49  Combat Shield  
  105  7:59  SCV x2  
  105  8:00  Engineering Bay  
  105  8:02  Terran Infantry Weapons Level 1  
  105  8:03  Marine  
  105  8:05  Marine x2  
  110  8:09  Siege Tank  
  105  8:13  Marine x3  
  96  8:21  Marine  
  96  8:23  Marine x2  
  96  8:24  Medivac  
  99  8:30  Command Center  
  99  8:31  Terran Infantry Armor Level 1  
  99  8:34  Barracks Reactor x3  
  99  8:39  Marine  
  99  8:40  Supply Depot  
  99  8:41  Marine x2  
  99  8:44  Siege Tank  
  99  8:48  Supply Depot  
  102  8:50  Viking  
  104  8:56  Marine  
  104  8:58  Marine x2  
  104  9:00  Factory  
  107  9:04  Supply Depot  
  107  9:06  Viking  
  109  9:10  Missile Turret  
  109  9:12  Missile Turret  
  109  9:14  Marine  
  109  9:16  SCV x3, Marine x5  
  109  9:17  Marine x3  
  118  9:19  Siege Tank  
  118  9:21  Armory  
  124  9:24  Supply Depot  
  124  9:28  SCV  
  124  9:29  Supply Depot  
  124  9:30  SCV  
  126  9:33  Supply Depot, SCV  
  127  9:40  Refinery, Marine, SCV  
  127  9:41  Sensor Tower, Marine x2  
  127  9:42  SCV  
  127  9:45  SCV  
  132  9:51  Marine x3  
  132  9:52  Barracks Reactor, SCV  
  136  9:53  Sensor Tower  
  136  9:54  Siege Tank  
  136  9:56  Viking x2  
  136  9:58  SCV  
  144  10:00  SCV  
  144  10:04  SCV  
  144  10:06  Planetary Fortress  
  145  10:10  Supply Depot, Refinery  
  145  10:12  Siege Tank, Marine  
  145  10:14  Marine  
  148  10:17  Marine  
  148  10:18  Marine x4  
  148  10:20  Marine  
  155  10:22  Terran Infantry Weapons Level 2  
  155  10:25  SCV  
  157  10:28  Marine  
  157  10:29  Marine  
  157  10:30  Marine  
  157  10:32  Marine  
  157  10:35  Command Center, Marine  
  159  10:36  Terran Infantry Armor Level 2  
  159  10:39  Marine  
  160  10:46  Marine x2  
  160  10:48  Siege Tank  
  160  10:49  Marine x3  
  167  10:51  Marine  
  167  10:55  Siege Tank, Marine  
  166  10:58  Marine x2  
  166  11:03  Terran Vehicle Weapons Level 1  
  159  11:07  Viking x2  
  159  11:09  Marine x4  
  159  11:11  Supply Depot  
  165  11:14  Starport x2  
  165  11:17  Missile Turret x2  
  165  11:20  Marine x2  
  165  11:21  Marine x3  
  165  11:23  Siege Tank  
  165  11:24  Marine  
  174  11:26  Marine x2  
  174  11:27  Marine  
  174  11:29  Siege Tank  
  180  11:38  SCV  
  181  11:40  Viking  
  183  11:49  Sensor Tower  
  183  11:50  Refinery, SCV x2  
  183  11:52  Command Center, Missile Turret  
  183  11:54  Refinery  
  183  11:55  Starport Tech Lab x2  
  183  11:59  Siege Tank  
  183  12:00  Viking, Starport  
  188  12:09  Command Center  
  188  12:16  Viking  
  188  12:17  Viking, Raven  
  188  12:18  Corvid Reactor  
  188  12:32  Command Center  
  188  12:34  Viking  
  184  12:41  Marine  
  184  12:42  Siege Tank, Marine x5  
  178  12:46  Viking  
  178  12:49  Marine  
  178  12:50  Marine x2  
  175  12:52  Marine  
  175  12:54  Terran Infantry Weapons Level 3  
  166  12:59  Marine x2  
  166  13:00  Terran Infantry Armor Level 3  
  159  13:14  Planetary Fortress  
  159  13:16  Raven  
  159  13:17  Command Center  
  159  13:18  Marine x4  
  163  13:23  Marine x2  
  163  13:24  Marine x2  
  164  13:27  Orbital Command  
  164  13:32  Raven  
  164  13:34  Viking  
  168  13:36  Viking  
  168  13:39  Viking  
  172  13:43  Terran Vehicle Weapons Level 2  
  172  13:47  Armory  
  172  14:01  Refinery x2  
  172  14:02  Orbital Command  
  172  14:03  Viking, Raven  
  172  14:04  Missile Turret  
  175  14:18  Raven  
  175  14:19  Command Center  
  177  14:24  Starport  
  177  14:28  Viking  
  177  14:30  Planetary Fortress  
  179  14:41  Missile Turret  
  179  14:43  Viking x2  
  183  14:46  Viking  
  185  14:54  Raven  
  185  14:59  Orbital Command  
  186  15:04  Raven  
  186  15:05  Starport Tech Lab  
  186  15:06  Viking  
  190  15:12  Terran Vehicle And Ship Armor Level 1  
  190  15:13  Viking  
  183  15:21  Viking x2  
  185  15:36  Viking  
  185  15:37  Raven  
  185  15:38  Raven  
  191  15:43  Viking  
  191  15:44  Hi-Sec Auto Tracking, Neosteel Armor  
  191  15:47  Viking  
  195  15:57  Viking x2  
  197  15:59  Starport  
  199  16:09  Refinery x2  
  189  16:13  Hellbat  
  189  16:18  Raven  
  189  16:21  Raven  
  189  16:22  Viking  
  185  16:29  Raven  
  175  16:34  Viking x3, Siege Tank  
  175  16:35  Marine x10  
  192  16:44  Planetary Fortress  
  192  16:52  Marine  
  192  16:53  Marine  
  194  17:01  Raven  
  196  17:03  Command Center  
  196  17:04  Command Center, Raven  
  196  17:06  Missile Turret  
  198  17:18  Raven  
Tags
 
Add a new tag
Caveats
  • Supply blocks, unpowered buildings, or Contaminate may cause inaccurate times.
  • Supply counts are checked every 10 seconds.